 Dungeon Sprint DCSS version 0.21-a0-417-g0adc95b (webtiles) character file.

998 Kidiri the Fighter (level 8, 0/75 HPs)
             Began as a Green Draconian Transmuter on Nov 3, 2017.
             Was an Elder of Wu Jian.
             Slain by a centaur (6 damage)
             ... in the Dungeon (Sprint V: "Ziggurat Sprint").
             The game lasted 00:05:56 (808 turns).

Kidiri the Fighter (Green Draconian Transmuter)      Turns: 808, Time: 00:05:57

Health: 0/75       AC:  6    Str: 19    XL:     8   Next: 0%
Magic:  9/15       EV: 15    Int: 13    God:    Wu Jian [****..]
Gold:   0          SH:  0    Dex: 20    Spells: 2/17 levels left

rFire    . . .     SeeInvis .     - Unarmed
rCold    . . .     Gourm    .   (shield currently unavailable)
rNeg     . . .     Faith    .   (armour unavailable)
rPois    +         Spirit   .   (helmet restricted)
rElec    .         Reflect  .   (no cloak)
rCorr    .         Harm     .   (gloves currently unavailable)
MR       .....     NoTele   +   (no boots)
Stlth    +++.......             (no amulet)
HPRegen  0.22/turn              z - +6 ring of dexterity
MPRegen  0.14/turn              D - +6 ring of strength

@: exhausted, short of breath, blade hands, drained
A: breathe noxious fumes, unfitting armour, poison resistance, cold-blooded, AC
+6
a: Breathe Noxious Fumes, End Transformation, Serpent's Lash, Renounce Religion


You were in the Dungeon.
You worshipped Wu Jian.
Wu Jian was greatly pleased with you.
You were hungry.
You had blades for hands.
You visited 1 branch

Inventory:

Missiles
 a - 9 arrows
Armour
 y - the +18 shield of the Gong {rElec rN+ MR+ EV-5}
   (You found it in the Dungeon)

   It affects your evasion (-5).
   It insulates you from electricity.
   It protects you from negative energy.
   It affects your resistance to hostile enchantments.
 J - a +3 buckler (melded)
 K - a +3 large shield
 L - a +3 shield
Jewellery
 z - a +6 ring of dexterity (left scythe-like blade)
 A - a +6 ring of dexterity
 D - a +6 ring of strength (right scythe-like blade)
 E - a +6 ring of strength
 O - an uncursed ring of protection from fire
Wands
 F - a wand of disintegration (7/24)
 G - a wand of iceblast (5/15)
 H - a wand of lightning (5/15)
 I - a wand of acid (5/15)
Scrolls
 i - 4 scrolls of blinking
 p - 4 scrolls of amnesia
 q - 3 scrolls of recharging
 r - 7 scrolls of fog
 s - a scroll of holy word
 t - 5 scrolls of identify
 u - 5 scrolls of remove curse
 v - 2 scrolls of fear
Potions
 d - 7 potions of curing
 e - 7 potions of heal wounds
 f - 6 potions of haste
 g - 7 potions of magic
 h - 3 potions of berserk rage
 j - 2 potions of brilliance
 k - 2 potions of invisibility
 l - 4 potions of resistance
 n - 5 potions of agility
 o - 5 potions of might
Books
 b - a book of Changes

   Spells                             Type                      Level
   a - Beastly Appendage              Transmutation                1
   b - Sticks to Snakes               Transmutation                2
   c - Spider Form                    Transmutation/Poison         3
   d - Ice Form                       Ice/Transmutation            4
   e - Blade Hands                    Transmutation                5
 P - a book of Fire

   Spells                             Type                      Level
   a - Ignite Poison                  Fire/Transmutation/Poison    3
   b - Fireball                       Conjuration/Fire             5
   c - Bolt of Fire                   Conjuration/Fire             6
   d - Ring of Flames                 Charms/Fire                  7
   e - Ignition                       Fire                         8
Comestibles
 c - 5 bread rations
 w - 42 fruits
 x - 4 meat rations


   Skills:
 * Level 8.4(8.0) Fighting
 + Level 5.2(4.8) Dodging
 + Level 5.1(4.8) Stealth
 + Level 5.0(4.7) Shields
 * Level 8.3(7.9) Unarmed Combat
 + Level 5.2(4.8) Spellcasting
 * Level 7.7(7.4) Transmutations
 + Level 2.5(2.2) Ice Magic
 + Level 4.9(4.6) Poison Magic


You had 2 spell levels left.
You knew the following spells:

 Your Spells              Type           Power        Failure   Level  Hunger
a - Beastly Appendage     Tmut           ###...       14%         1    None
b - Sticks to Snakes      Tmut           ###.....     17%         2    ##.....
c - Spider Form           Tmut/Pois      ###.......   32%         3    ###....
d - Ice Form              Ice/Tmut       ###.....     69%         4    ####...
e - Blade Hands           Tmut           ###.......   67%         5    ######.


Dungeon Overview and Level Annotations

Branches:
Dungeon (1/1)

Altars:
Ashenzari
Cheibriados
Dithmenos
Elyvilon
Fedhas
Gozag
Hepliaklqana
Kikubaaqudgha
Makhleb
Nemelex Xobeh
Okawaru
Qazlal
Ru
Sif Muna
Trog
Uskayaw
Vehumet
Wu Jian
Xom
Yredelemnul
Zin
The Shining One
Beogh
Jiyva
Lugonu

Annotations:
D 1 transporter


Innate Abilities, Weirdness & Mutations

You can breathe blasts of noxious fumes.
Your lurid green scales are hard. (AC +6)
You cannot fit into any form of body armour.
Your system is resistant to poisons. (rPois)
You are cold-blooded and may be slowed by cold attacks.


Message History

You kill the hippogriff!
The Council accepts your kill.
Your Stealth skill increases to level 5!
Your Shields skill increases to level 5!
You have reached level 8!
You feel agile.
SWOOSH!
You lunge at the centaur.
You slice the centaur!!
The centaur is almost dead.
You spin and attack the merfolk.
You hit the merfolk but do no damage. The centaur closely misses you.
The centaur hits you with a +1 short sword of draining!
* * * LOW HITPOINT WARNING * * *
You feel drained.
* * * LOW HITPOINT WARNING * * *
The merfolk hits you with a trident!
* * * LOW HITPOINT WARNING * * *
The centaur unwields an uncursed shortbow.
The centaur hits you.
You die...

▓........▓........▓
▓........▓.▓....▓.▓
▓...©....▓...©....▓
▓▓▓▓▓▓▓▓▓▓▓▓▓▓▓▓▓▓▓
▓..8©8..▓ ▓..=.:..▓
▓..:?.C.▓ ▓..cc.§.▓
▓..@mC..▓ ▓...†§..▓
▓...§...▓ ▓.▓.§.▓.▓
▓...©...▓ ▓▓▓▓▓▓▓▓▓


You could see a merfolk, 2 cyclopes and 2 centaurs.

Vanquished Creatures
  An ancient zyme (D)
  A hippogriff (D)
  2 golden eyes (D)
  A necrophage (D)
  A wight (D)
  A jelly (D)
  An orc priest (D)
  3 iron imps (D)
  An adder (D)
  A white imp (D)
  An ooze (D)
  An adder skeleton (D)
  A ball python (D)
  A leopard gecko zombie (D)
17 creatures vanquished.

Vanquished Creatures (collateral kills)
  An orc priest (D)
  An orc (D)
2 creatures vanquished.

Grand Total: 19 creatures vanquished

Notes
Turn   | Place    | Note
-------+----------+-------------------------------------------
     0 | D        | Found the +6 Majin-Bo {vamp, Archmagi MP+6 Int+6}
     0 | D        | Found the +7 great mace "Firestarter" {inner flame, rF++}
     0 | D        | Kidiri the Draconian Transmuter began the quest for the Orb.
     0 | D        | Reached XP level 1. HP: 16/16 MP: 3/3
     0 | D        | Found a deep blue altar of Sif Muna.
     0 | D        | Found a bloodstained altar of Trog.
     0 | D        | Found a sacrificial altar of Ru.
     0 | D        | Found a stormy altar of Qazlal.
     0 | D        | Found an iron altar of Okawaru.
     1 | D        | Found a sparkling altar of Nemelex Xobeh.
     1 | D        | Found a blossoming altar of Fedhas.
     3 | D        | Found a transporter.
     3 | D        | Found an ancient bone altar of Kikubaaqudgha.
     3 | D        | Found a viscous altar of Jiyva.
     3 | D        | Found a corrupted altar of Lugonu.
     3 | D        | Found a hazy altar of Hepliaklqana.
     3 | D        | Found a burning altar of Makhleb.
     3 | D        | Found an opulent altar of Gozag.
    14 | D        | Found the +9 heavy crossbow "Sniper" {velocity, Acc+∞ SInv}
    14 | D        | Found the +10 dark maul {crush}
    14 | D        | Found the +15 Maxwell's patent armour {-Cast -Tele rElec MR+ rCorr}
    14 | D        | Found the +18 shield of the Gong {rElec rN+ MR+ EV-5}
    14 | D        | Found the cursed +14 obsidian axe {chop, +Fly SInv *Curse}
    28 | D        | Became a worshipper of the Wu Jian Council
    43 | D        | Reached XP level 2. HP: 27/27 MP: 3/5
    47 | D        | Learned a level 2 spell: Sticks to Snakes
    76 | D        | Entered arena 2.
    76 | D        | Found a transporter.
    93 | D        | Got the cursed +0 lajatang of the Morning {slice, +Blink MR+++ Str+4 Int-3}
   182 | D        | Entered arena 3.
   182 | D        | Found a transporter.
   187 | D        | Reached * piety under Wu Jian
   187 | D        | Reached XP level 3. HP: 34/34 MP: 0/7
   194 | D        | Reached skill level 5 in Unarmed Combat
   194 | D        | Reached XP level 4. HP: 23/41 MP: 1/9
   226 | D        | Learned a level 3 spell: Spider Form
   329 | D        | Entered arena 4.
   329 | D        | Noticed a golden eye
   329 | D        | Noticed a golden eye
   329 | D        | Found a transporter.
   333 | D        | Reached ** piety under Wu Jian
   356 | D        | Reached skill level 5 in Fighting
   356 | D        | Reached skill level 5 in Transmutations
   357 | D        | Killed a golden eye
   357 | D        | Reached XP level 5. HP: 27/50 MP: 9/11
   412 | D        | Killed a golden eye
   412 | D        | Reached XP level 6. HP: 55/58 MP: 9/12
   447 | D        | Learned a level 4 spell: Ice Form
   562 | D        | Entered arena 5.
   562 | D        | Found a transporter.
   567 | D        | Reached *** piety under Wu Jian
   571 | D        | Reached skill level 1 in Ice Magic
   582 | D        | Got the +3 halberd of Insomnia {holy, Fragile +Inv rF++ rN+++}
   603 | D        | Entered arena 6.
   603 | D        | Noticed an ancient zyme
   603 | D        | Found a transporter.
   605 | D        | Reached **** piety under Wu Jian
   605 | D        | Your scales start taking on a lurid green colour.
   605 | D        | Reached XP level 7. HP: 66/66 MP: 8/14
   605 | D        | Gained mutation: Your system is resistant to poisons. (rPois) [Green Draconian growth]
   609 | D        | Killed an ancient zyme
   609 | D        | Reached skill level 5 in Dodging
   609 | D        | Reached skill level 5 in Spellcasting
   611 | D        | Got the cursed +0 fustibalus of the Shore {freeze, rElec MR+ Dex+7}
   803 | D        | Learned a level 5 spell: Blade Hands
   805 | D        | Entered arena 7.
   805 | D        | Noticed a merfolk
   805 | D        | Noticed a cyclops
   805 | D        | Noticed a hippogriff
   805 | D        | Noticed a cyclops
   806 | D        | Found a transporter.
   808 | D        | Killed a hippogriff
   808 | D        | Reached skill level 5 in Stealth
   808 | D        | Reached skill level 5 in Shields
   808 | D        | Reached XP level 8. HP: 24/75 MP: 9/15
   808 | D        | Slain by a centaur

Vault maps used:
D:        sprint_v

Skill      XL: |  1  2  3  4  5  6  7 |
---------------+----------------------+-----
Fighting       | 3 4 6 7 8 |  8.4
Dodging        | 2 3 4 5 |  5.2
Stealth        | 2 3 4 5 |  5.1
Shields        | 2 3 4 5 |  5.0
Unarmed Combat | 4 5 6 7 8 |  8.3
Transmutations | 3 4 5 6 7 |  7.7
Spellcasting   | 3 4 5 |  5.2
Poison Magic   | 2 4 |  4.9
Ice Magic      | 1 2 |  2.5

Action                   |  1- 3 |  4- 6 |  7- 9 || total
-------------------------+-------+-------+-------++-------
Melee: Unarmed           |    15 |    47 |    14 ||    76
       Kick              |     3 |       |       ||     3
       Headbutt          |     3 |       |       ||     3
       Tailslap          |     2 |     5 |       ||     7
       Punch             |       |       |     1 ||     1
 Cast: Sticks to Snakes  |     3 |       |       ||     3
       Beastly Appendage |     2 |       |       ||     2
       Spider Form       |       |     3 |       ||     3
       Ice Form          |       |     1 |       ||     1
       Blade Hands       |       |       |     1 ||     1
Invok: Serpent's Lash    |       |       |     2 ||     2
 Abil: Breathe Noxious F |       |       |     1 ||     1
  Use: Potion            |     1 |     6 |       ||     7
Armor: Skin              |     2 |     1 |       ||     3
Dodge: Dodged            |     7 |    18 |     4 ||    29
Block: Buckler           |     1 |       |       ||     1

Table legend:
 A = Spawn XP
 B = Non-spawn XP
 C = Spawn XP percentage of total XP
 D = Spawn monster count
 E = Non-spawn monster count
 F = Spawn count percentage of total count
 G = Total turns spent on level
                    A         B        C        D         E        F      G
               +---------+---------+-------+---------+---------+-------+---------
         Total |       0 |    1414 |   0.0 |       0 |      19 |   0.0 |   808
               +---------+---------+-------+---------+---------+-------+---------
             D |       0 |    1414 |   0.0 |       0 |      19 |   0.0 |   808
               +---------+---------+-------+---------+---------+-------+---------
